 Dungeon Sprint DCSS version 0.26-a0-652-gafc20e3620 (webtiles) character file.

Game seed: 8017483852660110978

265582 sahdkjhfkaj the Intangible (level 20, 0/197 HPs)
             Began as a Merfolk Fighter on Oct 3, 2020.
             Was the Champion of Okawaru.
             Succumbed to a swamp dragon's poison gas
             ... in the Dungeon (Sprint VII: "The Pits") on Oct 4, 2020.
             The game lasted 00:52:56 (19716 turns).

sahdkjhfkaj the Intangible (Merfolk Fighter)       Turns: 19716, Time: 00:52:56

Health: 0/197      AC: 51    Str: 27    XL:     20   Next: 48%
Magic:  36/36      EV: 22    Int: 12    God:    Okawaru [******]
Gold:   41         SH: 35    Dex: 18    Spells: 38/43 levels left

rFire    + + .     SeeInvis +   a - +6 demon trident (elec)
rCold    + + +     Faith    .   t - +3 tower shield {AC+3}
rNeg     + . .     Spirit   .   k - +11 crystal plate armour of Exclusion {rF+ MR+ Int-4 SInv Stlth+}
rPois    .         Reflect  +   x - +2 hat "Varuc" {Dex+4}
rElec    +         Harm     .   G - +0 cloak of Yciteng {rF+ rC++ rN+ Int+3}
rCorr    .         Rampage  .   s - +1 pair of gloves
MR       ++...     NoTele   +   F - +1 pair of boots "Gogg" {rElec rC++ MR- Str+2}
Stlth    ..........             u - amulet "Epepsoj" {Reflect rElec Int+4 SH+5}
HPRegen  0.42/turn              p - ring "Itydab" {MR+ Slay+3}
MPRegen  0.25/turn              f - ring of Wisdom {Str+2 Slay+5}

@: lethally poisoned (0 -> -8), berserk cooldown, slowed, very slow
A: change form in water, swift swim, stealthy swim, fangs 1, blurry vision 3,
deterioration 1, screaming 1, subdued magic 1
}: 1/3 runes: iron
a: Heroism, Finesse, Renounce Religion


You were in the Dungeon.
You worshipped Okawaru.
Okawaru was exalted by your worship.
You visited 1 branch You collected 41 gold pieces.

Inventory:

Hand Weapons
 a - a +6 demon trident of electrocution (weapon)
 y - a +7 trident of protection
Missiles
 j - 5 curare-tipped darts
 K - 22 silver javelins (quivered)
Armour
 k - the +11 crystal plate armour of Exclusion (worn) {rF+ MR+ Int-4 SInv Stlth+}
   (Okawaru gifted it to you in the Dungeon)

   It affects your intelligence (-4).
   It protects you from fire.
   It affects your resistance to hostile enchantments.
   It lets you see invisible.
   It makes you more stealthy.
 s - a +1 pair of gloves (worn)
 t - a +3 tower shield of protection (worn)
 x - the +2 hat "Varuc" (worn) {Dex+4}
   (You found it in the Dungeon)

   It affects your dexterity (+4).
 F - the +1 pair of boots "Gogg" (worn) {rElec rC++ MR- Str+2}
   (Okawaru gifted it to you in the Dungeon)

   It affects your strength (+2).
   It greatly protects you from cold.
   It insulates you from electricity.
   It affects your resistance to hostile enchantments.
 G - the +0 cloak of Yciteng (worn) {rF+ rC++ rN+ Int+3}
   (You found it in the Dungeon)

   It affects your intelligence (+3).
   It protects you from fire.
   It greatly protects you from cold.
   It protects you from negative energy.
Jewellery
 f - the ring of Wisdom (right hand) {Str+2 Slay+5}
   (You found it in the Dungeon)

   [ring of slaying]

   It affects your strength (+2).
   It affects your accuracy and damage with ranged weapons and melee attacks
   (+5).
 n - an uncursed ring of protection from fire
 p - the ring "Itydab" (left hand) {MR+ Slay+3}
   (You found it in the Dungeon)

   [ring of protection from magic]

   It affects your accuracy and damage with ranged weapons and melee attacks
   (+3).
   It affects your resistance to hostile enchantments.
 u - the amulet "Epepsoj" (around neck) {Reflect rElec Int+4 SH+5}
   (You found it in the Dungeon)

   [amulet of reflection]

   It shields you and reflects attacks.
   It affects your intelligence (+4).
   It insulates you from electricity.
   It affects your SH (+5).
Wands
 b - a wand of acid (11)
 z - a wand of random effects (23)
 L - a wand of paralysis (10)
Scrolls
 l - 5 scrolls of remove curse
 m - 5 scrolls of amnesia
 o - 2 scrolls of vulnerability
 v - 4 scrolls of fear
 w - 3 scrolls of fog
 C - 2 scrolls of enchant armour
 J - 6 scrolls of identify
Potions
 d - 6 potions of might
 g - 5 potions of haste
 h - 9 potions of magic
 i - 4 potions of berserk rage
 q - a potion of brilliance
 r - 4 potions of stabbing
 D - a potion of mutation
 M - 2 potions of invisibility
Miscellaneous
 E - a tin of tremorstones (3/3)
 H - a condenser vane (2/2)
 I - a box of beasts (3/3)


   Skills:
 O Level 27 Fighting
 O Level 27 Polearms
 + Level 21.1 Armour
 O Level 27 Dodging
 - Level 25.0 Shields
 - Level 12.0 Spellcasting
 - Level 15.0 Translocations
 - Level 15.0 Ice Magic
 + Level 23.5 Invocations
 O Level 27 Evocations


You had 38 spell levels left.
You knew the following spells:

 Your Spells              Type           Power        Failure   Level
a - Ozocubu's Armour      Ice            ####....     1%          3
B - Blink                 Tloc           N/A          1%          2

Your spell library contained the following spells:

 Spells                   Type           Power        Failure   Level
 Apportation              Tloc           ####..       1%          1
 Freeze                   Ice            ####         1%          1
 Frozen Ramparts          Ice            ####..       1%          3
 Teleport Other           Tloc           ####....     1%          3
 Ensorcelled Hibernation  Hex/Ice        ###...       6%          2
 Portal Projectile        Hex/Tloc       ###...       13%         3
 Hailstorm                Conj/Ice       ###.....     41%         4
 Iskenderun's Mystic Bla  Conj/Tloc      ###.....     41%         4
 Summon Ice Beast         Ice/Summ       ###.....     41%         4
 Animate Skeleton         Necr           #.....       69%         1
 Corona                   Hex            #......      69%         1
 Foxfire                  Conj/Fire      #...         69%         1
 Magic Dart               Conj           #...         69%         1
 Pain                     Necr           #...         69%         1
 Sandblast                Erth           #.....       69%         1
 Shock                    Conj/Air       #...         69%         1
 Sting                    Tmut/Pois      #...         69%         1
 Summon Small Mammal      Summ           #...         69%         1
 Summon Forest            Summ/Tloc      ###.......   77%         5
 Call Imp                 Summ           #.......     83%         2
 Slow                     Hex            #.......     83%         2
 Swiftness                Air            #.......     83%         2
 Call Canine Familiar     Summ           #.......     96%         3
 Confusing Touch          Hex            #.......     96%         3
 Conjure Flame            Conj/Fire      #.......     96%         3
 Dazzling Flash           Conj/Hex       #.....       96%         3
 Ignite Poison            Fire/Tmut/Pois #.......     96%         3
 Inner Flame              Hex/Fire       #.......     96%         3
 Mephitic Cloud           Conj/Pois/Air  #.......     96%         3
 Static Discharge         Conj/Air       #.......     96%         3
 Summon Guardian Golem    Hex/Summ       #.......     96%         3
 Tukima's Dance           Hex            #.......     96%         3
 Vampiric Draining        Necr           #.........   96%         3
 Airstrike                Air            #.........   100%        4
 Animate Dead             Necr           #.........   100%        4
 Cause Fear               Hex            #.........   100%        4
 Leda's Liquefaction      Hex/Erth       #.........   100%        4
 Petrify                  Tmut/Erth      #.......     100%        4
 Sticky Flame             Conj/Fire      #.......     100%        4
 Summon Lightning Spire   Summ/Air       #.......     100%        4
 Agony                    Necr           #.......     100%        5
 Bolt of Magma            Conj/Fire/Erth #.........   100%        5
 Borgnjor's Vile Clutch   Necr/Erth      #.........   100%        5
 Fireball                 Conj/Fire      #.........   100%        5
 Lightning Bolt           Conj/Air       #.........   100%        5
 Summon Demon             Summ           #.........   100%        5
 Summon Mana Viper        Hex/Summ       #.......     100%        5
 Invisibility             Hex            #.......     100%        6
 Iron Shot                Conj/Erth      #.........   100%        6
 Shadow Creatures         Summ           N/A          100%        6
 Starburst                Conj/Fire      #.........   100%        6
 Malign Gateway           Summ/Tloc      ###.......   100%        7
 Summon Hydra             Summ           #.........   100%        7
 Discord                  Hex            #.........   100%        8
 Ignition                 Fire           #.........   100%        8
 Shatter                  Erth           #.........   100%        9
 Tornado                  Air            #.........   100%        9


Dungeon Overview and Level Annotations

Branches:
Dungeon (1/1)

Altars:
Ashenzari
Cheibriados
Dithmenos
Elyvilon
Fedhas
Gozag
Hepliaklqana
Kikubaaqudgha
Makhleb
Nemelex Xobeh
Okawaru
Qazlal
Ru
Sif Muna
Trog
Uskayaw
Vehumet
Wu Jian
Xom
Yredelemnul
Zin
The Shining One
Beogh
Jiyva
Lugonu


Innate Abilities, Weirdness & Mutations

You revert to your normal form in water.
You are very nimble and swift while swimming.
You are very stealthy in the water. (Stealth+)
You have very sharp teeth.
Scrolls take you much longer to read.
Your body sometimes deteriorates upon taking damage.
You occasionally shout uncontrollably at your foes.
Your spells are a little easier to cast, but a little less powerful.


Message History

Things that are here:
+0 swamp dragon scales; a swamp dragon corpse; an acid dragon corpse A red film seems to cover your vision as you go berserk!
You feel yourself moving faster!
You feel mighty!
* * * LOW HITPOINT WARNING * * *
You feel sick.
You feel a strong urge to attack something.
* * * LOW HITPOINT WARNING * * *
You feel sick.
* * * LOW HITPOINT WARNING * * *
You feel sick.
You feel your anger nearly subside.
* * * LOW HITPOINT WARNING * * *
You feel sick.
You are no longer berserk.
You are exhausted.
You feel yourself slow down.
* * * LOW HITPOINT WARNING * * *
You feel sick.
You die...

#########################
#....#..#....}...#....#..
#....#.....#..#..........
#....#...................
#....#..#..#..#..#....#..
#..###.##........##..##..
#..#[....#......#...[..#.
#=[+†...@[######......[..
#"[#.....#[[....#...[[.#.
#=[###.##[.......##..##..
#=[[[#..#..#..#..#....#..
#=[))#...................
#=)))#.....#..#..........
#..))#..#}})|.)..#....#..
#''######################
#''# #### #############


There were no monsters in sight!

Vanquished Creatures
  3 pandemonium lords (D)
  Lom Lobon (D)
  An ancient lich (D)
  An orb of fire (D)
  Tiamat (D)
  Mara (D)
  Boris (D)
  2 greater mummies (D)
  the Lernaean hydra (D)
  Xtahua (D)
  Margery (D)
  2 Killer Klowns (D)
  A golden dragon (D)
  A bone dragon (D)
  A pearl dragon (D)
  2 electric golems (D)
  2 hellephants (D)
  3 Tzitzimimeh (D)
  A tentacled monstrosity (D)
  A Brimstone Fiend (D)
  An Ice Fiend (D)
  A Hell Sentinel (D)
  6 titans (D)
  A quicksilver dragon (D)
  3 deep elf blademasters (D)
  A deep elf master archer (D)
  2 liches (D)
  Polyphemus (D)
  Murray (D)
  2 Executioners (D)
  3 sphinxes (D)
  An acid blob (D)
  2 storm dragons (D)
  Ilsuiw (D)
  2 daevas (D)
  4 nagarajas (D)
  2 shadow dragons (D)
  A draconian monk (D)
  4 fire giants (D)
  An azure jelly (D)
  A frost giant (D)
  A draconian scorcher (D)
  2 draconian knights (D)
  A ghost moth (D)
  Aizul (D)
  2 draconian shifters (D)
  2 iron dragons (D)
  5 balrugs (D)
  2 deep elf sorcerers (D)
  2 angels (D)
  4 orc warlords (D)
  2 draconian annihilators (D)
  3 draconian stormcallers (D)
  A stone giant (D)
  3 reapers (D)
  2 ophanim (D)
  4 deep elf demonologists (D)
  3 purple draconians (D)
  6 white draconians (D)
  4 dire elephants (D)
  An apis (D)
  4 green draconians (D)
  A minotaur (D)
  Azrael (D)
  A lorocyproca (D)
  2 red draconians (D)
  5 deep elf annihilators (D)
  2 black draconians (D)
  4 green deaths (D)
  2 yellow draconians (D)
  A merfolk javelineer (D)
  A deep elf death mage (D)
  An eidolon (D)
  A mummy priest (D)
  3 death oozes (D)
  2 deep elf high priests (D)
  5 fire dragons (D)
  A great orb of eyes (D)
  An ogre mage (D)
  4 vault guards (D)
  A rakshasa (D)
  7 hydras (D)
  A yaktaur captain (D)
  2 hell beasts (D)
  2 ice dragons (D)
  2 spriggan air magi (D)
  2 catoblepae (D)
  2 alligator snapping turtles (D)
  2 naga warriors (D)
  A merfolk avatar (D)
  A dancing weapon (D)
  A death knight (D)
  A death yak (D)
  An iron elemental (D)
  A spriggan berserker (D)
  A vampire mage (D)
  12 hell knights (D)
  An orc high priest (D)
  2 deep elf knights (D)
  A sun demon (D)
  3 skeletal warriors (D)
  A sixfirhy (D)
  2 cherubim (D)
  A slime creature (D)
  An iron troll (D)
  A flayed ghost (D)
  2 spriggan druids (D)
  2 swamp dragons (D)
  A lindwurm (D)
  3 wizards (D)
  5 necromancers (D)
  12 orc knights (D)
  A wolf spider (D)
  2 deep elf magi (D)
  An ugly thing (D)
  A manticore (D)
  A rust devil (D)
  A smoke demon (D)
  A merfolk siren (D)
  An eye of devastation (D)
  A gargoyle (D)
  A black mamba (D)
  A cane toad (D)
  A yaktaur (D)
  A kobold demonologist (D)
  A demonic crawler (D)
  2 rime drakes (D)
  3 ice devils (D)
  An efreet (D)
  A hellion (D)
  A red devil (D)
  2 komodo dragons (D)
  2 merfolk (D)
  A hellwing (D)
  A troll (D)
  A wandering mushroom (D)
  2 jumping spiders (D)
  2 hornets (D)
  2 polar bears (D)
  A blink frog (D)
  4 dream sheep (D)
  8 redbacks (D)
  A spriggan (D)
  2 vampires (D)
  A shadow (D)
  A chaos spawn (D)
  A basilisk (D)
  A golden eye (shapeshifter) (D)
  2 wyverns (D)
  4 steam dragons (D)
  A large abomination (D)
  3 vampire mosquitoes (D)
  A warg (D)
  A neqoxec (D)
  3 acid dragons (D)
  4 insubstantial wisps (D)
  A soldier ant (D)
  Duvessa (D)
  Purgy (D)
  A swamp drake (D)
  A floating eye (D)
  8 orc warriors (D)
  2 eyes of draining (D)
  2 necrophages (D)
  An ogre (D)
  9 wolves (D)
  2 crocodiles (D)
  A big kobold (shapeshifter) (D)
  A bullfrog (D)
  3 earth elementals (D)
  Dowan (D)
  A scorpion (D)
  2 quasits (D)
  3 orc priests (D)
  An iguana (D)
  An iron imp (D)
  5 orc wizards (D)
  A worker ant (D)
  An adder (D)
  2 gnolls (D)
  A white imp (D)
  21 orcs (D)
  5 goblins (D)
  A bat simulacrum (D)
  A leopard gecko zombie (D)
  A quokka skeleton (D)
  A quokka zombie (D)
  A rat (D)
  2 crawling corpses (D)
401 creatures vanquished.

Vanquished Creatures (collateral kills)
  A snapping turtle (D)
1 creature vanquished.

Vanquished Creatures (others)
  Nikola (D)
  A dream sheep (D)
  An orc wizard (D)
  16 ball lightnings (D)
  5 orcs (D)
24 creatures vanquished.

Grand Total: 426 creatures vanquished

Notes
Turn   | Place    | Note
-------+----------+-------------------------------------------
     0 | D        | sahdkjhfkaj the Merfolk Fighter began the quest for the
                  | Orb.
     0 | D        | Reached XP level 1. HP: 18/18 MP: 1/1
    17 | D        | Found a bloodstained altar of Trog.
    17 | D        | Found a shimmering blue altar of Sif Muna.
    17 | D        | Found a viscous altar of Jiyva.
    17 | D        | Found a hazy altar of Hepliaklqana.
    17 | D        | Found an opulent altar of Gozag.
    18 | D        | Found a glowing golden altar of the Shining One.
    18 | D        | Found a glowing silver altar of Zin.
    18 | D        | Found a basalt altar of Yredelemnul.
    18 | D        | Found a shimmering altar of Xom.
    18 | D        | Found an ornate altar of the Wu Jian Council.
    18 | D        | Found a sacrificial altar of Ru.
    18 | D        | Found a stormy altar of Qazlal.
    18 | D        | Found an iron altar of Okawaru.
    18 | D        | Found a sparkling altar of Nemelex Xobeh.
    18 | D        | Found a burning altar of Makhleb.
    18 | D        | Found a blossoming altar of Fedhas.
    18 | D        | Found a white marble altar of Elyvilon.
    18 | D        | Found a shadowy altar of Dithmenos.
    18 | D        | Found a snail-covered altar of Cheibriados.
    19 | D        | Found a radiant altar of Vehumet.
    19 | D        | Found a corrupted altar of Lugonu.
    19 | D        | Found a roughly hewn altar of Beogh.
    20 | D        | Found a hide-covered altar of Uskayaw.
    20 | D        | Found an ancient bone altar of Kikubaaqudgha.
    20 | D        | Found a broken altar of Ashenzari.
    24 | D        | Became a worshipper of Warmaster Okawaru
    59 | D        | Reached skill level 1 in Dodging
    59 | D        | Noticed a floating eye
    61 | D        | Killed a floating eye
    61 | D        | Reached * piety under Okawaru
    61 | D        | Reached skill level 5 in Fighting
    61 | D        | Reached XP level 2. HP: 27/27 MP: 2/2
    61 | D        | Reached XP level 3. HP: 33/33 MP: 3/3
    61 | D        | Reached XP level 4. HP: 39/39 MP: 4/4
    69 | D        | Reached ** piety under Okawaru
    69 | D        | Reached skill level 5 in Dodging
    74 | D        | Reached XP level 5. HP: 45/45 MP: 5/5
    79 | D        | Noticed a necrophage
   101 | D        | Killed a necrophage
   101 | D        | Reached XP level 6. HP: 33/51 MP: 6/6
   360 | D        | Noticed Purgy
   383 | D        | Reached skill level 5 in Invocations
   404 | D        | Killed Purgy
   406 | D        | Reached XP level 7. HP: 42/57 MP: 8/13
   504 | D        | Reached skill level 10 in Invocations
   511 | D        | Noticed a snapping turtle
   644 | D        | HP: 2/59 [snapping turtle (10)]
   956 | D        | Killed a snapping turtle
   956 | D        | Reached *** piety under Okawaru
  1261 | D        | Noticed a steam dragon
  1282 | D        | Killed a steam dragon
  1282 | D        | Reached XP level 8. HP: 23/67 MP: 17/17
  1613 | D        | Noticed a polar bear
  1652 | D        | Reached **** piety under Okawaru
  1652 | D        | Reached skill level 10 in Polearms
  1673 | D        | Killed a polar bear
  1982 | D        | Reached skill level 10 in Shields
  1998 | D        | Noticed a cane toad
  1998 | D        | Noticed a black mamba
  1998 | D        | Noticed a hellwing
  1998 | D        | Noticed a red devil
  2016 | D        | Killed a hellwing
  2016 | D        | Reached XP level 9. HP: 13/75 MP: 18/18
  2025 | D        | Killed a black mamba
  2033 | D        | Killed a cane toad
  2033 | D        | Reached ***** piety under Okawaru
  2037 | D        | Killed a red devil
  2037 | D        | Reached skill level 10 in Dodging
  2260 | D        | Noticed an eight-headed hydra
  2274 | D        | Killed an eight-headed hydra
  2274 | D        | Reached XP level 10. HP: 63/85 MP: 11/19
  2277 | D        | Reached skill level 10 in Fighting
  2487 | D        | Noticed an eye of devastation
  2493 | D        | Noticed Dowan
  2494 | D        | Noticed an orc knight
  2547 | D        | Received a gift from Okawaru
  2574 | D        | Killed an orc knight
  2621 | D        | Killed an eye of devastation
  2635 | D        | Got a fading crystal plate armour {god gift}
  2645 | D        | Identified the +11 crystal plate armour of Exclusion {rF+
                  | MR+ Int-4 SInv Stlth+} (Okawaru gifted it to you in the
                  | Dungeon)
  2821 | D        | Noticed an eight-headed hydra
  2825 | D        | Noticed an eight-headed hydra
  2858 | D        | Killed an eight-headed hydra
  2869 | D        | Killed an eight-headed hydra
  2869 | D        | Reached XP level 11. HP: 75/95 MP: 13/20
  2876 | D        | Reached skill level 15 in Shields
  2901 | D        | Noticed a manticore
  2904 | D        | Noticed Duvessa
  2918 | D        | Killed a manticore
  2926 | D        | Killed Duvessa
  2966 | D        | Reached skill level 15 in Dodging
  2999 | D        | Killed Dowan
  3211 | D        | Noticed a minotaur
  3232 | D        | Killed a minotaur
  3646 | D        | Noticed a deep elf mage
  3691 | D        | Killed a deep elf mage
  3691 | D        | Reached skill level 15 in Fighting
  3770 | D        | Noticed a flayed ghost
  3783 | D        | Killed a flayed ghost
  3786 | D        | Received a gift from Okawaru
  4009 | D        | Got a pair of shimmering boots {god gift}
  4014 | D        | Identified the +1 pair of boots "Gogg" {rElec rC++ MR-
                  | Str+2} (Okawaru gifted it to you in the Dungeon)
  4026 | D        | Noticed a sixfirhy
  4027 | D        | Noticed an orc high priest
  4032 | D        | Killed a sixfirhy
  4032 | D        | Reached XP level 12. HP: 98/111 MP: 21/21
  4053 | D        | Killed an orc high priest
  4267 | D        | Noticed an orc warlord
  5219 | D        | Noticed an orc warlord
  5235 | D        | Killed an orc warlord
  5235 | D        | Reached ****** piety under Okawaru
  5259 | D        | Noticed a death yak
  5273 | D        | Killed a death yak
  5298 | D        | Killed an orc warlord
  5298 | D        | Received a gift from Okawaru
  5301 | D        | Noticed a naga warrior
  5310 | D        | Noticed a deep elf knight
  5340 | D        | Reached XP level 13. HP: 61/125 MP: 15/22
  5601 | D        | Noticed a vault guard
  5621 | D        | Killed a vault guard
  5765 | D        | Noticed a vault guard
  5766 | D        | Noticed a deep elf sorcerer
  5785 | D        | Killed a vault guard
  5793 | D        | Killed a deep elf sorcerer
  5807 | D        | Received a gift from Okawaru
  6058 | D        | Noticed a vault guard
  6110 | D        | Killed a vault guard
  6290 | D        | Got the cursed +0 cloak of Yciteng {rF+ rC++ rN+ Int+3}
  6594 | D        | Noticed a great orb of eyes
  6594 | D        | Noticed a white draconian shifter
  6594 | D        | Noticed a deep elf high priest
  6647 | D        | Killed a deep elf high priest
  6654 | D        | Killed a great orb of eyes
  6693 | D        | Killed a white draconian shifter
  7041 | D        | Noticed a fire dragon
  7047 | D        | Killed a fire dragon
  7075 | D        | Noticed Ilsuiw
  7077 | D        | Noticed a merfolk javelineer
  7099 | D        | Killed Ilsuiw
  7099 | D        | Received a gift from Okawaru
  7099 | D        | Reached XP level 14. HP: 78/141 MP: 23/23
  7156 | D        | Noticed Azrael
  7167 | D        | Killed Azrael
  7208 | D        | Noticed an orc warlord
  7241 | D        | Killed an orc warlord
  7539 | D        | Learned a level 2 spell: Blink
  7684 | D        | Noticed a deep elf annihilator
  7684 | D        | Noticed a deep elf annihilator
  7684 | D        | Noticed a nagaraja
  7688 | D        | Noticed a deep elf demonologist
  7719 | D        | Killed a deep elf annihilator
  7729 | D        | Killed a nagaraja
  7735 | D        | Reached skill level 27 in Dodging
  7834 | D        | Noticed a nagaraja
  7848 | D        | Killed a nagaraja
  7975 | D        | Noticed a white draconian
  7976 | D        | Noticed a deep elf demonologist
  7997 | D        | Killed a white draconian
  8014 | D        | Killed a deep elf demonologist
  8027 | D        | Received a gift from Okawaru
  8137 | D        | Killed a deep elf annihilator
  8143 | D        | Killed a deep elf demonologist
  8254 | D        | Noticed a sphinx
  8267 | D        | Paralysed by a sphinx for 4 turns
  8276 | D        | Killed a sphinx
  8320 | D        | Noticed a deep elf sorcerer
  8329 | D        | Killed a deep elf sorcerer
  8329 | D        | Received a gift from Okawaru
  8346 | D        | Noticed a purple draconian knight
  8347 | D        | Noticed a deep elf annihilator
  8371 | D        | Killed a purple draconian knight
  8423 | D        | Noticed a sphinx
  8423 | D        | Noticed a green draconian knight
  8468 | D        | Killed a green draconian knight
  8468 | D        | Reached XP level 15. HP: 55/158 MP: 18/24
  8512 | D        | Killed a sphinx
  8512 | D        | Reached skill level 27 in Fighting
  8789 | D        | Reached skill level 15 in Polearms
  8802 | D        | Noticed a lich
  8807 | D        | Noticed a Hell Sentinel
  8824 | D        | Killed a lich
  8824 | D        | Reached skill level 5 in Armour
  9042 | D        | Got the amulet "Epepsoj" {Reflect rElec Int+4 SH+5}
  9075 | D        | Got the amulet "Gomaarys" {Spirit rPois rN+ Dex-4}
  9078 | D        | Got the amulet of Kinoy {RegenMP rPois Str+4 Slay+3 Stlth+}
  9081 | D        | Got the ring of Amelioration {Wiz rN+ Int+4}
  9084 | D        | Got the ring of Jusinab {rElec rPois}
  9087 | D        | Got the ring "Vukoab" {Str+6 Int+5}
  9090 | D        | Got the ring "Otyrhen" {rF+ Int+6 Dex+3}
  9093 | D        | Got the amulet of Luymuiff {Faith Int+5 Dex-2}
  9096 | D        | Got the amulet of Picridd {Spirit Int+3 SInv}
  9099 | D        | Got the ring "Duuz" {rF+ MP+9 Slay+2 Stlth+}
  9102 | D        | Got the ring of Sunt {+Inv +Fly MP+9 Stlth+}
  9105 | D        | Got the ring "Itydab" {MR+ Slay+3}
  9117 | D        | Got the ring "Satusk" {rPois rC+ EV+6 SInv}
  9120 | D        | Got the ring of Gorej {rC+ Int+4}
  9123 | D        | Got the amulet of Liet {Faith rF+ rN+ MR+}
  9126 | D        | Got the ring of Temptation {rElec rF+ Int+2 Slay+5}
  9129 | D        | Got the amulet of Suirch {Regen+ Int+3}
  9132 | D        | Got the amulet "Caschof" {RegenMP MR- Dex+5}
  9135 | D        | Got the ring "Tesosch" {rC+ rN+}
  9138 | D        | Got the ring "Xucwetos" {Fire rPois MP+9 Int+3}
  9141 | D        | Got the ring "Myipsixi" {+Inv rPois rC- Str+4}
  9144 | D        | Got the ring of Wisdom {Str+2 Slay+5}
  9147 | D        | Got the ring "Feinuvuu" {+Blink rElec rC- SInv}
  9150 | D        | Got the ring "Jonauq" {*Slow +Blink rPois MR+ Stlth+}
  9153 | D        | Got the ring of Hoalypu {rPois Int+3}
  9183 | D        | Got the Disquisition on the Earthen Blaze
  9185 | D        | Got the Collected Works on Shape Shifting and the Oath
  9191 | D        | Got the Disquisition on the Mountains
  9199 | D        | Got the Collected Works on the Traveller
  9212 | D        | Learned a level 3 spell: Ozocubu's Armour
  9636 | D        | Noticed Aizul
  9659 | D        | Killed Aizul
 10006 | D        | Identified the +8 falchion of the Dancing Big Fish {holy,
                  | +Inv}
 10087 | D        | Noticed an angel
 10132 | D        | Killed an angel
 10210 | D        | Received a gift from Okawaru
 10257 | D        | Noticed Polyphemus
 10290 | D        | Killed Polyphemus
 10585 | D        | Identified the +2 plate armour "Yroteotoe" {rPois}
 10849 | D        | Noticed a fire giant
 10869 | D        | Noticed a nagaraja
 10919 | D        | Reached skill level 10 in Armour
 10938 | D        | Killed a fire giant
 10960 | D        | Killed a nagaraja
 11163 | D        | Noticed a storm dragon
 11199 | D        | Killed a storm dragon
 11206 | D        | Received a gift from Okawaru
 11479 | D        | Reached XP level 16. HP: 71/167 MP: 18/25
 11827 | D        | Identified the +4 dragonskin cloak
 11827 | D        | Noticed Tiamat
 12211 | D        | Killed Tiamat
 12211 | D        | Received a gift from Okawaru
 12277 | D        | Reached skill level 15 in Armour
 12290 | D        | Reached skill level 27 in Polearms
 12891 | D        | Noticed Margery
 12906 | D        | Killed Margery
 12998 | D        | Noticed a quicksilver dragon
 12998 | D        | Noticed a shadow dragon
 13001 | D        | Noticed a daeva
 13012 | D        | Killed a quicksilver dragon
 13031 | D        | Killed a shadow dragon
 13031 | D        | Received a gift from Okawaru
 13065 | D        | Killed a daeva
 13556 | D        | Noticed a golden dragon
 13637 | D        | Noticed an electric golem
 13650 | D        | Killed an electric golem
 13650 | D        | Reached XP level 17. HP: 164/174 MP: 19/26
 13658 | D        | Reached skill level 5 in Evocations
 13661 | D        | Noticed Ciari the pandemonium lord
 13692 | D        | Gained mutation: You occasionally shout uncontrollably at
                  | your foes. [mutagenic glow]
 13730 | D        | Gained mutation: Scrolls take you a little longer to read.
                  | [mutagenic glow]
 13745 | D        | Killed Ciari the pandemonium lord
 13760 | D        | Gained mutation: Scrolls take you longer to read.
                  | [mutagenic glow]
 13774 | D        | Gained mutation: Armour fits poorly on your strangely
                  | shaped body. [mutagenic glow]
 13784 | D        | Gained mutation: Your body sometimes deteriorates upon
                  | taking damage. [mutagenic glow]
 13814 | D        | Gained mutation: Your body often deteriorates upon taking
                  | damage. [mutagenic glow]
 13823 | D        | Gained mutation: Your magical capacity is low. (-10% MP)
                  | [mutagenic glow]
 13833 | D        | Gained mutation: Scrolls take you much longer to read.
                  | [mutagenic glow]
 13843 | D        | Gained mutation: You are frail. (-10% HP) [mutagenic glow]
 13859 | D        | Gained mutation: You are clumsy. (Dex -2) [mutagenic glow]
 13878 | D        | Lost mutation: Armour fits poorly on your strangely shaped
                  | body. [mutagenic glow]
 13895 | D        | Gained mutation: You are very clumsy. (Dex -4) [mutagenic
                  | glow]
 13924 | D        | Gained mutation: You do not regenerate when monsters are
                  | visible. [mutagenic glow]
 14093 | D        | Lost mutation: You do not regenerate when monsters are
                  | visible. [potion of mutation]
 14093 | D        | Lost mutation: You are very clumsy. (Dex -4) [potion of
                  | mutation]
 14093 | D        | Lost mutation: Your magical capacity is low. (-10% MP)
                  | [potion of mutation]
 14093 | D        | Lost mutation: Your body often deteriorates upon taking
                  | damage. [potion of mutation]
 14093 | D        | Gained mutation: You have very sharp teeth. [potion of
                  | mutation]
 14093 | D        | Gained mutation: You are partially covered in large bone
                  | plates. (SH +4) [potion of mutation]
 14094 | D        | Lost mutation: Your body sometimes deteriorates upon taking
                  | damage. [potion of mutation]
 14094 | D        | Lost mutation: You are clumsy. (Dex -2) [potion of
                  | mutation]
 14094 | D        | Gained mutation: Your spells are a little easier to cast,
                  | but a little less powerful. [potion of mutation]
 14094 | D        | Gained mutation: Your body sometimes deteriorates upon
                  | taking damage. [potion of mutation]
 14094 | D        | Lost mutation: You are frail. (-10% HP) [potion of
                  | mutation]
 14095 | D        | Lost mutation: Your body sometimes deteriorates upon taking
                  | damage. [potion of mutation]
 14095 | D        | Lost mutation: You are partially covered in large bone
                  | plates. (SH +4) [potion of mutation]
 14140 | D        | Noticed a titan
 14156 | D        | Killed a titan
 14156 | D        | Reached skill level 10 in Evocations
 14372 | D        | Noticed a Hell Sentinel
 14389 | D        | Noticed Boris
 14402 | D        | Killed a Hell Sentinel
 14405 | D        | Received a gift from Okawaru
 14407 | D        | Noticed a tentacled monstrosity
 14429 | D        | Killed Boris
 14436 | D        | Killed a tentacled monstrosity
 14658 | D        | Reached skill level 15 in Evocations
 14667 | D        | Noticed a bone dragon
 14667 | D        | Noticed a sphinx
 14672 | D        | Killed a sphinx
 14697 | D        | Killed a bone dragon
 14845 | D        | Noticed a deep elf blademaster
 14881 | D        | Noticed a hellephant
 14916 | D        | Killed a deep elf blademaster
 14916 | D        | Reached XP level 18. HP: 74/182 MP: 25/27
 15069 | D        | Killed a hellephant
 15461 | D        | Noticed a deep elf blademaster
 15482 | D        | Killed a deep elf blademaster
 15742 | D        | Noticed Nikola
 15745 | D        | Noticed a hellephant
 15753 | D        | Killed Nikola
 15759 | D        | Noticed a deep elf blademaster
 15772 | D        | Killed a hellephant
 15772 | D        | Received a gift from Okawaru
 15791 | D        | Noticed a golden dragon
 15796 | D        | Killed a deep elf blademaster
 15808 | D        | Killed a golden dragon
 16049 | D        | Received a gift from Okawaru
 16052 | D        | Got a twisted spear {god gift}
 16055 | D        | Identified the +4 spear of Temperance {drain, *Rage rN+
                  | Dex+4} (Okawaru gifted it to you in the Dungeon)
 16174 | D        | Got the ring of Suicidal Tendencies {rPois rF+ MR- Str+6
                  | Dex+6}
 16177 | D        | Got the ring of Muguq {rC+ SInv}
 16180 | D        | Got the ring of Winter {rN+ Str+4}
 16183 | D        | Got the ring "Zouwn" {rF+ Str+6 Stlth+}
 16186 | D        | Got the ring "Ocaad" {Wiz rPois}
 16189 | D        | Got the ring of Didgh {rF+ rC+}
 16276 | D        | Noticed a pearl dragon
 16276 | D        | Noticed a titan
 16276 | D        | Noticed a deep elf master archer
 16280 | D        | Killed a deep elf master archer
 16283 | D        | Killed a titan
 16296 | D        | Killed a pearl dragon
 16300 | D        | Reached skill level 27 in Evocations
 16303 | D        | Reached skill level 1 in Spellcasting
 16303 | D        | Reached skill level 1 in Translocations
 16410 | D        | Noticed Lom Lobon
 16419 | D        | Noticed a lich
 16419 | D        | Noticed a greater mummy
 16456 | D        | Killed a greater mummy
 16460 | D        | Killed a lich
 16460 | D        | Reached skill level 5 in Spellcasting
 16489 | D        | Reached skill level 5 in Translocations
 16501 | D        | Killed Lom Lobon
 16501 | D        | Received a gift from Okawaru
 16501 | D        | Reached XP level 19. HP: 54/189 MP: 15/30
 16877 | D        | Noticed Murray
 16901 | D        | Killed Murray
 16901 | D        | Reached skill level 15 in Invocations
 16920 | D        | Noticed a Tzitzimitl
 16934 | D        | Killed a Tzitzimitl
 16939 | D        | Noticed an ancient lich
 16949 | D        | Killed an ancient lich
 16949 | D        | Reached skill level 10 in Spellcasting
 16949 | D        | Reached skill level 5 in Ice Magic
 17081 | D        | Received a gift from Okawaru
 17132 | D        | Noticed Xtahua
 17145 | D        | Killed Xtahua
 17145 | D        | Reached skill level 10 in Translocations
 17170 | D        | Noticed the 27-headed Lernaean hydra
 17170 | D        | Noticed an Ice Fiend
 17170 | D        | Noticed Mara
 17177 | D        | Killed the 27-headed Lernaean hydra
 17181 | D        | Noticed sahdkjhfkaj's illusion
 17188 | D        | Killed Mara
 17188 | D        | Reached skill level 10 in Ice Magic
 17213 | D        | Killed an Ice Fiend
 17622 | D        | Received a gift from Okawaru
 17784 | D        | Noticed an electric golem
 17786 | D        | Noticed a Brimstone Fiend
 17798 | D        | Killed a Brimstone Fiend
 17798 | D        | Received a gift from Okawaru
 17799 | D        | Found the +7 Kryia's mail coat {PotionHeal*2 rC+}
 17808 | D        | Killed an electric golem
 17812 | D        | Noticed Goikuk Mica the pandemonium lord
 17818 | D        | Killed Goikuk Mica the pandemonium lord
 17949 | D        | Noticed Ofriat the pandemonium lord
 17981 | D        | Noticed a greater mummy
 17990 | D        | Killed Ofriat the pandemonium lord
 18029 | D        | Killed a greater mummy
 18029 | D        | Reached XP level 20. HP: 79/197 MP: 36/36
 18398 | D        | Noticed a Tzitzimitl
 18414 | D        | Killed a Tzitzimitl
 18414 | D        | Reached skill level 15 in Ice Magic
 18833 | D        | Found the +2 ratskin cloak {*Rats rPois rN+ Str-1 Int-1
                  | Dex+1}
 18835 | D        | Got the ring of Tass {rF+ Stlth-}
 18838 | D        | Got the ring of Hospitality {Ice MR+}
 18841 | D        | Got the ring of the King {rF+ Stlth+}
 18844 | D        | Got the ring "Wannol" {Fire MR+}
 18847 | D        | Got the ring "Gycazur" {+Fly rF- Str+6 SInv Stlth+}
 18850 | D        | Got the amulet "Keires" {Faith Dex+6}
 18853 | D        | Got the ring "Zas Guig" {Wiz Str+8}
 18856 | D        | Got an iron rune of Zot
 18859 | D        | Got the ring of Zefitsom {rElec rF+ EV+4}
 18862 | D        | Got the ring "Himoh" {*Drain +Blink Str+6 SInv}
 18892 | D        | Got the +2 hat "Varuc" {Dex+4}
 18904 | D        | Got the ring "Plog" {rF++ Int+6 Dex+3}
 18951 | D        | Noticed an orb of fire
 18963 | D        | Gained mutation: Your body sometimes deteriorates upon
                  | taking damage. [an orb of fire]
 18981 | D        | Killed an orb of fire
 19110 | D        | Noticed a Killer Klown
 19125 | D        | Killed a Killer Klown
 19125 | D        | Received a gift from Okawaru
 19125 | D        | Reached skill level 15 in Translocations
 19140 | D        | Noticed a Killer Klown
 19150 | D        | Killed a Killer Klown
 19213 | D        | Noticed a Tzitzimitl
 19221 | D        | Killed a Tzitzimitl
 19708 | D        | HP: 8/197 [poisoned by a swamp dragon (poison gas)]
 19713 | D        | HP: 6/295 [poisoned by a swamp dragon (poison gas)]
 19715 | D        | HP: 2/197 [poisoned by a swamp dragon (poison gas)]
 19716 | D        | Succumbed to a swamp dragon's poison gas

Illustrated notes

Levels and vault maps discovered:
D:        pitsprint [storerooms_1, entrance_room_1, metal_vault_3, armoury_2,
          mini_pit_1, grid_room_1, main_hall_1, silver_pit, the_coven_2,
          the_vestibule_1, steel_vault_4, golden_pit, hallway_of_sentries,
          crystal_vault_3, iron_vault_2, final_vault]

Skill      XL: |  1  2  3  4  5  6  7  8  9 10 11 12 13 14 15 16 17 18 19 20 |
---------------+-------------------------------------------------------------+-----
Dodging        | 4 5 6 7 9 11 13 18 21 25 27 | 27.0
Fighting       | 5 6 7 8 9 12 16 19 22 26 27 | 27.0
Polearms       | 6 8 9 12 14 23 27 | 27.0
Shields        | 6 8 10 12 14 15 20 25 | 25.0
Invocations    | 9 12 14 20 23 | 23.5
Armour         | 12 15 16 19 21 | 21.1
Evocations     | 4 18 27 | 27.0
Spellcasting   | 7 12 | 12.0
Translocations | 7 13 15 | 15.0
Ice Magic      | 14 15 | 15.0

Action                   |  1- 3 |  4- 6 |  7- 9 | 10-12 | 13-15 | 16-18 | 19-21 || total
-------------------------+-------+-------+-------+-------+-------+-------+-------++-------
Melee: Trident           |     4 |    67 |   182 |   691 |  1006 |  1007 |   180 ||  3137
       Bite              |       |       |       |       |       |    91 |    65 ||   156
       Demon trident     |       |       |       |       |       |       |   216 ||   216
 Cast: Ozocubu's Armour  |       |       |       |       |       |       |     5 ||     5
Invok: Heroism           |       |       |     4 |     5 |    17 |    15 |     6 ||    47
       Finesse           |       |       |     1 |     5 |    16 |    14 |     6 ||    42
  Use: Potion            |       |       |    10 |     1 |    13 |    29 |     8 ||    61
       Scroll            |       |       |     1 |       |     2 |     1 |     4 ||     8
 Stab: Distracted        |       |       |       |       |     1 |       |       ||     1
       Petrified         |       |       |       |       |     6 |       |       ||     6
Armor: Scale mail        |       |     3 |       |       |       |       |       ||     3
       Chain mail        |       |    21 |    79 |    21 |       |       |       ||   121
       Crystal plate arm |       |       |       |   141 |   211 |   187 |    65 ||   604
Dodge: Dodged            |       |    24 |   120 |   170 |   186 |   161 |    75 ||   736
Block: Kite shield       |       |    38 |   164 |   292 |   311 |   100 |       ||   905
       Reflection        |       |       |       |       |     1 |    24 |     4 ||    29
       Tower shield      |       |       |       |       |       |   562 |   230 ||   792

Table legend: (Time is in decaauts) A = Elapsed time spent in this place. B = Non-inter-level travel time spent in this place. C = Inter-level travel time spent in this place. D = Time resting spent in this place. E = Time spent auto-exploring this place. F = Levels seen in this place. G = Mean time per level. A B C D E F G +--------+--------+--------+--------+--------+-----+--------+ Total | 17919 | 17022 | 897 | 11598 | 310 | 1 | 17919.0 | Dungeon | 17919 | 17022 | 897 | 11598 | 310 | 1 | 17919.0 | +--------+--------+--------+--------+--------+-----+--------+

Top non-repeatable levels by time:
       D: 17919 daAuts
